 Dungeon Crawl Stone Soup version 0.29.0-13-gc9e81de378 (webtiles) character file.

Game seed: 17406673776385401861

7 xian the Conjurer (level 1, -7/14 HPs)
             Began as a Draconian Conjurer on Sept 8, 2022.
             Mangled by a worm (10 damage)
             ... on level 3 of the Dungeon.
             The game lasted 00:01:49 (532 turns).

xian the Conjurer (Draconian Conjurer)               Turns: 532, Time: 00:01:50

Health: -7/14      AC:  4    Str:  9    XL:     1   Next: 91%
Magic:  2/3        EV: 12    Int: 18    God:
Gold:   41         SH:  0    Dex:  9    Spells: 3/4 levels left

rFire   . . .      SeeInvis .   e - +0 short sword
rCold   . . .      Faith    .   (no shield)
rNeg    . . .      Spirit   .   (body armour unavailable)
rPois   .          Reflect  .   (helmet restricted)
rElec   .          Harm     .   (no cloak)
rCorr   .          Rampage  .   (no gloves)
Will    .....                   (no boots)
Stlth   ++........              f - amulet of magic regeneration
HPRegen 0.04/turn               (no ring)
MPRegen 0.48/turn               (no ring)

@: no status effects
A: AC +4, unfitting armour, cold-blooded
a: no special abilities


You were on level 3 of the Dungeon.
You visited 1 branch of the dungeon, and saw 3 of its levels.

You collected 41 gold pieces.

Inventory:

Hand Weapons
 e - a +0 short sword (weapon)
Jewellery
 f - an amulet of magic regeneration (around neck)
Potions
 a - a potion of magic
 b - a potion of might {unknown}
 c - a potion of flight {unknown}
 d - a potion of berserk rage {unknown}


   Skills:
 + Level 1.7 Dodging
 + Level 1.7 Stealth
 + Level 2.1 Spellcasting
 + Level 4.3 Conjurations


You had 3 spell levels left.
You knew the following spells:

 Your Spells              Type           Power      Damage    Failure   Level
a - Magic Dart            Conj           68%        1d6       3%          1

Your spell library contained the following spells:

 Spells                   Type           Power      Damage    Failure   Level
 Searing Ray              Conj           34%        2d5       4%          2
 Dazzling Flash           Conj/Hex       18%        N/A       22%         3
 Fulminant Prism          Conj/Hex       4%         3d6       58%         4
 Iskenderun's Mystic Bla  Conj/Tloc      9%         2d4       58%         4


Dungeon Overview and Level Annotations

Branches:
Dungeon (3/15)

Altars:


Innate Abilities, Weirdness & Mutations

Your plain brown scales are hard. (AC +4)
You cannot fit into any form of body armour.
You are cold-blooded and may be slowed by cold attacks.


Message History

f - an amulet of magic regeneration (around neck)
Your amulet attunes itself to your body and you begin to regenerate magic more quickly.
Found 7 stones.
Found 10 stones.
There is a stone staircase leading up here.
You climb upwards.
The dart slug launches a dart at you. The slug dart misses you.
There is a stone staircase leading down here.
You climb downwards.
There is a stone staircase leading up here.
You climb upwards.
The worm bites you but does no damage.
There is a stone staircase leading down here.
The magic dart hits the worm.
The worm is moderately wounded.
The worm bites you but does no damage.
The magic dart hits the worm.
The worm is heavily wounded.
The worm bites you!
Ouch! That really hurt!
* * * LOW HITPOINT WARNING * * *
You are too injured to fight recklessly!
You are too injured to fight recklessly!
Unknown command.
The dart slug bites you.
* * * LOW HITPOINT WARNING * * *
You climb downwards.
There is a stone staircase leading up here.
Okay, then.
You are too injured to fight recklessly!
You are too injured to fight recklessly!
You are too injured to fight recklessly!
Aiming: Magic Dart (safe; 3% risk of failure)
Press: ? - help, Q - select action Shift-Dir - straight line, f - dart slug
Aim: a dart slug (100% to hit)
The magic dart hits the dart slug.
The dart slug is lightly wounded.
The worm bites you!
Ouch! That really hurt!
You die...

#.# #.# #.# #†# #.#
#.# ###.####.# ##.#
......##.# #..#
####..##.# #.##
#..##.# #.# #..##.#
#.# ####..##.# #w#
.........# #@#
.......#.# #w#
###.#..#.# #.# #
#.#..#.# #.# #
#.#..#.#######.# (
..#..#.#.......# #
###..#.#.#######
.#....#.#.#
..........#########


You could see a worm and a dart slug.

Vanquished Creatures
  An orc (D:3)
  2 bats (D:3)
  An endoplasm (D:3)
  A giant cockroach (D:2)
  A rat (D:2)
6 creatures vanquished.

Vanquished Creatures (others)
  A demonspawn (D:1)
  A draconian (D:1)
  A gargoyle (D:1)
  A vine stalker (D:1)
  A spriggan (D:1)
  2 demigods (D:1)
  A dwarf (D:1)
  A tengu (D:1)
  A felid (D:1)
  A mummy (D:1)
  An orc (D:1)
  4 tentacles (D:1)
16 creatures vanquished.

Grand Total: 22 creatures vanquished

Notes
Turn   | Place    | Note
-------+----------+-------------------------------------------
     0 | D:1      | xian the Draconian Conjurer began the quest for the Orb.
     0 | D:1      | Reached XP level 1. HP: 14/14 MP: 3/3
     0 | D:1      | Noticed a vine stalker
     0 | D:1      | Noticed a demigod
     0 | D:1      | Noticed a gargoyle
     0 | D:1      | Noticed a demonspawn
     0 | D:1      | Noticed a dwarf
     0 | D:1      | Noticed a kraken
     0 | D:1      | Noticed a felid
     0 | D:1      | Noticed a spriggan
     0 | D:1      | Noticed a draconian
     0 | D:1      | Noticed a demigod
     0 | D:1      | Noticed a tengu
     4 | D:1      | Killed a dwarf
     5 | D:1      | Killed a tengu
     6 | D:1      | Killed a demigod
     6 | D:1      | Killed a vine stalker
     7 | D:1      | Killed a gargoyle
     7 | D:1      | Killed a demigod
     8 | D:1      | Killed a spriggan
     8 | D:1      | Killed a felid
    10 | D:1      | Killed a demonspawn
    12 | D:1      | Killed a draconian
   101 | D:1      | You fall into a shaft and drop 1 floor!
   532 | D:3      | Mangled by a worm

Illustrated notes

Levels and vault maps discovered:
D:1:      nicolae_arrival_kraken_aquarium_a, layout_loops_cross,
          shapermc_ecumenical_altar_pompeii, kennysheep_minor_cross,
          serial_bayou_lake_a
D:2:      minmay_kobold_bridge, layout_basic, st_stairs_13,
          corexii_hall_statues_t, kennysheep_decorative_pillar,
          wander_ebering_terrifying_dragon_lair
D:3:      layout_loops_ring, serial_shops, nicolae_shop_hallway_plus

Action                   || total
-------------------------++-------
Melee: Unarmed           ||     3
       Short sword       ||     1
 Cast: Magic Dart        ||    14
Armor: Skin              ||     5
Dodge: Dodged            ||    10
